 Dungeon Crawl Stone Soup version 0.30.1-4-g462c640d31 (webtiles) character file.

Game seed: 7915932736880434190

10133 pacmanke6689 the Carver (level 11, -3/81 HPs)
             Began as a Demonspawn Fighter on Sept 10, 2023.
             Was a Believer of Hepliaklqana.
             Slain by an ettin
             ... wielding a +0 dire flail
              (29 damage)
             ... on level 10 of the Dungeon.
             The game lasted 00:40:17 (10335 turns).

pacmanke6689 the Carver (Demonspawn Fighter)       Turns: 10335, Time: 00:40:18

Health: -3/81      AC: 15    Str: 18    XL:     11   Next: 32%
Magic:  17/17      EV: 16    Int: 10    God:    Hepliaklqana [**....]
Gold:   462        SH:  5    Dex: 15    Spells: 12/18 levels left

rFire   . . .        t - +5 scimitar (vamp)
rCold   . . .        c - +0 buckler
rNeg    . . .        b - +4 scale mail
rPois   .            n - +0 helmet
rElec   .            (no cloak)
rCorr   .            (no gloves)
SInv    .            (no boots)
Will    .....        m - amulet of regeneration
Stlth   +            r - +5 ring of evasion
HPRegen 1.13/turn    (no ring)
MPRegen 0.15/turn

%: no passive effects
@: about to teleport, studying Throwing
A: reduced essence, hooves 2, rugged brown scales 2, powered by death 2, demonic
magic 1
a: Renounce Religion, Recall Ancestor, Ancestor Identity


You were on level 10 of the Dungeon.
You worshipped Hepliaklqana.
Hepliaklqana was pleased with you.
You visited 3 branches of the dungeon, and saw 12 of its levels.
You also visited: Ossuary.

You collected 462 gold pieces.

Inventory:

Hand Weapons
 a - a +3 long sword of freezing
 t - a +5 vampiric scimitar (weapon)
 w - a +1 falchion
Armour
 b - a +4 scale mail (worn)
 c - a +0 buckler (worn)
 n - a +0 helmet (worn)
Jewellery
 m - an amulet of regeneration (around neck)
 r - a +5 ring of evasion (left hand)
 u - a ring of protection from fire
Wands
 f - a wand of iceblast (2)
 l - a wand of charming (8)
 o - a wand of light (15)
Scrolls
 d - 4 scrolls of identify (quivered)
 e - a scroll of poison
 g - 2 scrolls of magic mapping
 j - 5 scrolls of teleportation
 k - a scroll of blinking
 p - 2 scrolls of fear
Potions
 h - 3 potions of curing
 i - a potion of brilliance
 q - 8 potions of flight
 s - a potion of degeneration


   Skills:
 + Level 7.8 Fighting
 + Level 9.6 Long Blades
 + Level 7.6 Armour
 + Level 4.5 Dodging
 + Level 3.0 Stealth
 + Level 5.6 Shields
 + Level 4.1 Spellcasting
 + Level 0.4 Transmutations
 + Level 3.2 Earth Magic


You had 12 spell levels left.
You knew the following spells:

 Your Spells              Type           Power      Damage    Failure   Level
a - Sandblast             Erth           16%        2d6       22%         1
b - Passwall              Tmut/Erth      4%         N/A       52%         2
c - Stone Arrow           Conj/Erth      10%        3d7       80%         3

Your spell library contained the following spells:

 Spells                   Type           Power      Damage    Failure   Level
 Portal Projectile        Hex/Tloc       4%         N/A       95%         3
 Tukima's Dance           Hex            2%         N/A       95%         3
 Manifold Assault         Tloc           2%         N/A       100%        4
 Blade Hands              Tmut           1%         N/A       100%        5
 Dispersal                Tloc           1%         N/A       100%        6
 Disjunction              Tloc           1%         N/A       100%        8


Dungeon Overview and Level Annotations

Branches:
Dungeon (10/15)            Temple (1/1) D:7            Lair (0/5) D:8
    Orc (1/2) D:10        Ossuary (visited)

Altars:
Ashenzari
Cheibriados
Dithmenos
Fedhas
Gozag
Hepliaklqana
Kikubaaqudgha
Makhleb
Nemelex Xobeh
Okawaru
Qazlal
Ru
Sif Muna
Trog
Uskayaw
Vehumet
Wu Jian
Xom
Yredelemnul


Innate Abilities, Weirdness & Mutations

Your life essence is reduced to manifest your ancestor. (-10% HP)
You have hoof-like feet.
You are mostly covered in rugged brown scales. (AC +2, +5% HP)
You regenerate health from kills.
Spells you cast may paralyse adjacent enemies.


Message History

The troll claws you but does no damage. You block the orc's attack.
The ettin misses you. x2
Tiberia gestures at the orc while chanting.
The orc seems to slow down.
You slash the orc!
You kill the orc!
The troll bites you! You block the troll's attack. The troll misses you.
You block the ettin's attack. The ettin hits you but does no damage.
You barely miss the ettin. You kick the ettin, but do no damage.
The ettin completely misses you.
The ettin hits you with a +0 dire flail!!
* * * LOW HITPOINT WARNING * * *
The troll bites you.
* * * LOW HITPOINT WARNING * * *
The troll claws you but does no damage. The troll closely misses you.
Blink to where?
Press: ? - help, Dir - move target
As you read the scroll of blinking, it crumbles to dust.
Tiberia hits the ettin with a +0 dagger of draining.
Tiberia hits the ettin but does no damage.
Tiberia drains the ettin.
Really read the scroll of poison?
The air fills with toxic fumes!
As you read the scroll of poison, it crumbles to dust.
Tiberia hits the ettin but does no damage.
Tiberia hits the troll with a +0 dagger of draining!
Tiberia drains the troll.
As you read the scroll of teleportation, it crumbles to dust.
You feel strangely unstable.
Tiberia hits the troll with a +0 dagger of draining.
The ettin is engulfed in poison gas.
The ettin is poisoned.
The ettin is engulfed in poison gas.
The ettin looks even sicker.
The ettin is engulfed in poison gas.
The ettin looks even sicker.
You block the ettin's attack. x2
Tiberia casts a spell at the ettin.
The ettin easily resists.
The ettin is engulfed in poison gas.
The ettin looks as sick as possible!
The ettin closely misses you.
The ettin hits you with a +0 dire flail!!
You die...

#......#..........############
#......#......>§§§§..........####
#......#.......§§§...............
#......#.......§§§.............##
#......#.###+###§§.............+.
#......#.#§§§..#§#####'#.......#.
#......#R#§)§§.+§#.....#.......#.
#......#.#§[T§§#§#.....#.....###.
#......#.#§§§R§C@#.....#.....#...
####'###.#§§§§§#§#######.....#...
.....(...#§§§§.#§§...........#...
.........#§§§..#§§§..#####...#...
...<.....#§§...#§§§§.#...#...#...
.........#§....#§§§§§+...#..##...
.#######.#.....#§§§§§#...#..#....
## #.####..#§§§§§#...'..#####
#....#..'.....#...#.......


You could see the friendly Tiberia the hexer, an ettin (extremely poisoned,
drained, ally target) and a troll (drained).

Vanquished Creatures
  Urug (D:10)
  Pikel (D:5)
  An orc sorcerer (D:10)
  A gargoyle (D:10)
  A troll (D:9)
  16 yaks
  2 wraiths
  A wyvern (D:9)
  Eustachio (D:7)
  2 steam dragons
  2 water moccasins
  2 black bears
  2 sky beasts (D:7)
  4 orc warriors
  2 ogres
  6 centaurs
  2 phantoms
  3 lemures (D:5)
  A kobold brigand (D:10)
  4 bullfrogs
  A gnoll sergeant (D:7)
  2 scorpions
  20 wights
  15 killer bees
  3 howler monkeys (D:7)
  7 hounds
  A jelly (D:7)
  4 orc priests
  A sleepcap (D:6)
  4 iguanas
  7 orc wizards
  3 mummies (Ossuary)
  Robin (D:4)
  7 gnolls
  11 adders
  2 white imps (D:5)
  An ufetubus (D:6)
  A worm (D:2)
  2 dart slugs (D:1)
  28 orcs
  9 ball pythons
  6 endoplasms
  7 giant cockroaches
  8 hobgoblins
  3 quokkas
  6 bats
  7 frilled lizards
  10 goblins
  3 goblin zombies (Ossuary)
  4 hobgoblin zombies (Ossuary)
  7 kobolds
  A kobold zombie (Ossuary)
  4 rats
251 creatures vanquished.

Vanquished Creatures (collateral kills)
  A gnoll sergeant (D:10)
  A wight (D:9)
  4 orcs (D:10)
6 creatures vanquished.

Vanquished Creatures (others)
  2 ancestors
  An orc (D:4)
3 creatures vanquished.

Grand Total: 260 creatures vanquished

Notes
Turn   | Place    | Note
-------+----------+-------------------------------------------
     0 | D:1      | pacmanke6689 the Demonspawn Fighter began the quest for the
                  | Orb.
     0 | D:1      | Reached XP level 1. HP: 18/18 MP: 1/1
   123 | D:1      | Reached skill level 2 in Long Blades
   123 | D:1      | Gained mutation: You have large cloven feet. [demonic
                  | ancestry]
   123 | D:1      | Reached XP level 2. HP: 16/24 MP: 2/2
   694 | D:1      | Gained mutation: You are partially covered in rugged brown
                  | scales. (AC +1, +3% HP) [demonic ancestry]
   694 | D:1      | Reached XP level 3. HP: 20/29 MP: 3/3
   952 | D:2      | Learned a level 1 spell: Sandblast
  1597 | D:3      | Gained mutation: You regenerate a little health from kills.
                  | [demonic ancestry]
  1597 | D:3      | Reached XP level 4. HP: 35/35 MP: 4/4
  2111 | D:4      | Noticed a centaur
  2122 | D:4      | Killed a centaur
  2123 | D:4      | Reached skill level 3 in Long Blades
  2123 | D:4      | Reached skill level 1 in Dodging
  2123 | D:4      | Reached XP level 5. HP: 20/42 MP: 5/5
  2375 | D:4      | Noticed Robin
  2392 | D:4      | Killed Robin
  2455 | D:4      | Noticed a phantom
  2466 | D:4      | Killed a phantom
  2467 | D:4      | Gained mutation: Spells you cast may paralyse adjacent
                  | enemies. [demonic ancestry]
  2467 | D:4      | Reached XP level 6. HP: 49/49 MP: 5/7
  2554 | D:4      | Found a stormy altar of Qazlal.
  2683 | D:4      | Reached skill level 4 in Long Blades
  2866 | D:4      | Noticed a steam dragon
  2998 | D:4      | Killed a steam dragon
  2999 | D:4      | Gained mutation: You have hoof-like feet. [demonic
                  | ancestry]
  2999 | D:4      | Reached XP level 7. HP: 55/55 MP: 8/8
  3176 | D:5      | Entered Level 5 of the Dungeon
  3177 | D:5      | Noticed Pikel
  3227 | D:5      | Killed Pikel
  3228 | D:5      | Reached skill level 5 in Long Blades
  3228 | D:5      | Reached skill level 1 in Spellcasting
  3310 | D:5      | Gained mutation: You regenerate health from kills. [demonic
                  | ancestry]
  3310 | D:5      | Reached XP level 8. HP: 42/62 MP: 9/9
  3502 | D:5      | Reached skill level 5 in Fighting
  3530 | D:5      | Reached skill level 5 in Armour
  3685 | D:5      | Reached skill level 1 in Earth Magic
  3882 | D:5      | Reached skill level 6 in Long Blades
  4678 | D:6      | Learned a level 2 spell: Passwall
  4682 | D:6      | Learned a level 3 spell: Stone Arrow
  4794 | D:6      | Reached XP level 9. HP: 70/71 MP: 12/12
  5611 | D:7      | Reached skill level 7 in Long Blades
  5673 | D:7      | Reached skill level 1 in Stealth
  5780 | D:7      | Found an ancient bone altar of Kikubaaqudgha.
  5788 | D:7      | Found a sacrificial altar of Ru.
  5829 | D:7      | Reached skill level 5 in Shields
  5908 | D:7      | Found a staircase to the Ecumenical Temple.
  6056 | D:7      | Found a sand-covered staircase.
  6065 | Ossuary  | Entered an ossuary
  6578 | D:7      | Noticed Eustachio
  6610 | D:7      | Gained mutation: You are mostly covered in rugged brown
                  | scales. (AC +2, +5% HP) [demonic ancestry]
  6610 | D:7      | Reached XP level 10. HP: 57/76 MP: 14/14
  6670 | D:7      | Killed Eustachio
  6828 | Temple   | Entered the Ecumenical Temple
  6908 | Temple   | Became a worshipper of Hepliaklqana the Forgotten
  7073 | D:8      | Reached skill level 8 in Long Blades
  7317 | D:8      | Noticed a cyclops
  7350 | D:8      | Found a staircase to the Lair.
  7937 | D:8      | Reached * piety under Hepliaklqana
  8973 | D:10     | Entered Level 10 of the Dungeon
  9003 | D:10     | Reached skill level 9 in Long Blades
  9048 | D:10     | Reached XP level 11. HP: 57/79 MP: 16/16
  9239 | D:10     | Noticed Urug
  9260 | D:10     | Killed Urug
  9456 | D:10     | Found a staircase to the Orcish Mines.
  9715 | D:10     | Reached ** piety under Hepliaklqana
  9716 | D:10     | Remembered your ancestor Tiberia as a hexer
  9887 | Orc:1    | Entered Level 1 of the Orcish Mines
  9890 | Orc:1    | Noticed an orc sorcerer
  9894 | Orc:1    | Paralysed by an orc sorcerer for 4 turns
  9896 | Orc:1    | Noticed an orc sorcerer
  9898 | Orc:1    | Noticed an orc knight
  9904 | D:10     | Paralysed by an orc sorcerer for 4 turns
  9909 | D:10     | Noticed a sixfirhy
  9918 | D:10     | Killed an orc sorcerer
 10317 | Orc:1    | Noticed an ettin
 10326 | Orc:1    | Noticed a soul eater
 10335 | D:10     | Slain by an ettin

Illustrated notes

Levels and vault maps discovered:
D:1:      spicycebolla_green_bress_n_ham, layout_basic,
          minmay_misc_feat_nine_boxes
D:2:      layout_basic
D:3:      layout_rooms
D:4:      layout_loops_corners, nicolae_qazlal_general_emergency,
          lemuel_coloured_pillars_altar, gup_sewer_entry_glass, uniq_robin
D:5:      layout_loops_ring, hangedman_glass_teeth, minmay_misc_feat_five,
          uniq_pikel
D:6:      layout_basic, serial_corexii_hall, corexii_hall_statues_l,
          corexii_hall_statues_deadend, nicolae_concentric_dashed_squares_wild,
          grunt_ministairs_15
D:7:      layout_rooms, jmf_multi_god_temple, minmay_temple_entry_tees,
          lightli_ossuary_entry_decrepit_ruins, serial_aquarium,
          aquarium_bridge_island_small [aquarium_subvault_small_open,
          aquarium_subvault_window, aquarium_subvault_bridge,
          aquarium_subvault_wall, aquarium_subvault_window],
          aquarium_bridge_square [aquarium_subvault_bridge,
          aquarium_subvault_bridge, aquarium_subvault_bridge,
          aquarium_subvault_window], aquarium_window_1, aquarium_window_3,
          aquarium_view_2f, aquarium_pool_1, sword_in_stone
D:8:      layout_basic, dpeg_oklobed_lair, chequers_serial_rivers_room_a,
          minmay_manual_mail
D:9:      layout_loops_ring
D:10:     layout_irregular_city, orc_0_dummy, minmay_misc_feat_cross,
          statue_in_the_mist_lemuel, uniq_urug
Temple:   hc_temple_tempest_star
Orc:1:    layout_caves, serial_shops, shop

Skill      XL: |  1  2  3  4  5  6  7  8  9 10 11 |
---------------+----------------------------------+-----
Long Blades    | 2 3 4 5 6 7 9 |  9.6
Armour         | 3 4 5 6 7 |  7.6
Dodging        | 1 2 3 4 |  4.5
Shields        | 3 5 |  5.6
Fighting       | 4 5 6 7 |  7.8
Spellcasting   | 1 2 3 4 |  4.1
Earth Magic    | 1 2 3 |  3.2
Stealth        | 1 2 3 |  3.0
Transmutations | |  0.4

Action                     |  1- 3 |  4- 6 |  7- 9 | 10-12 || total
---------------------------+-------+-------+-------+-------++-------
  Melee: Long sword        |   120 |   114 |   419 |   274 ||   927
         Kick              |    19 |    22 |   105 |   120 ||   266
         Scimitar          |       |       |       |    45 ||    45
   Cast: Sandblast         |     1 |       |    30 |     8 ||    39
         Passwall          |       |       |       |     6 ||     6
 Invoke: Ancestor Identity |       |       |       |     1 ||     1
         Ancestor Life: He |       |       |       |     1 ||     1
  Evoke: Wand              |       |       |     2 |       ||     2
    Use: Scroll            |    10 |     6 |    11 |     5 ||    32
         Potion            |     1 |     6 |     9 |    10 ||    26
   Stab: Paralysed         |       |       |     7 |     3 ||    10
         Distracted        |       |       |       |     3 ||     3
 Armour: Scale mail        |    59 |    68 |   183 |   107 ||   417
         Skin              |       |       |    21 |       ||    21
  Dodge: Dodged            |    61 |    60 |   253 |   288 ||   662
  Block: Buckler           |    27 |    23 |   112 |    94 ||   256
